 Dungeon Crawl Stone Soup version bcrawl-1.13.5 (webtiles) character file.

Game seed: 4666586645453998523

58 Engwar the Slasher (level 3, 0/23 HPs)
             Began as a Skeleton Reaver on Sept 2, 2019.
             Was an Initiate of Vehumet.
             Slain by an orc
             ... wielding a +0 flail
              (5 damage)
             ... on level 2 of the Dungeon.
             The game lasted 00:05:06 (1154 turns).

Engwar the Slasher (Skeleton Reaver)                Turns: 1154, Time: 00:05:07

Health: 0/23       AC:  6    Str: 17    XL:     3   Next: 75%
Magic:  0/7        EV: 12    Int: 13    God:    Vehumet [......]
Gold:   184        SH:  1    Dex:  7    Spells: 7/8 levels left

rFire    . . .     SeeInvis .   a - +0 long sword
rCold    + . .     Gourm    .   (no shield)
rNeg     + + +     Faith    .   b - +0 steam dragon scales
rPois    ∞         Spirit   +   (no helmet)
rElec    .         Reflect  .   (no cloak)
rCorr    +         Harm     .   (no gloves)
MR       .....                  k - +0 pair of boots
Stlth    +.........             (no amulet)
HPRegen  0.07/turn              l - ring of poison resistance (curse)
MPRegen  0.10/turn              g - ring of resist corrosion

@: no status effects
A: no food or potions, cold resistance 1, deterioration 1, negative energy
resistance 3, torment resistance, unbreathing, magic shield, sturdy frame 1,
spell healing
a: Renounce Religion


You were on level 2 of the Dungeon.
You worshipped Vehumet.
Vehumet was noncommittal.
You were not hungry.

You visited 1 branch of the dungeon, and saw 2 of its levels.

You collected 184 gold pieces.

Inventory:

Hand Weapons
 a - a +0 long sword (weapon)
Missiles
 j - 396 stones (quivered)
Armour
 b - +0 steam dragon scales (worn)
 h - a +0 shield
 k - a +0 pair of boots (worn)
Jewellery
 d - an uncursed ring of protection from fire
 g - a ring of resist corrosion (right hand)
 l - a cursed ring of poison resistance (left hand)
Scrolls
 c - 3 scrolls of immolation
 e - a scroll of amnesia {unknown}
 f - 4 scrolls of identify {unknown}
 i - 2 scrolls of enchant armour {unknown}


   Skills:
 - Level 3.0 Fighting
 + Level 5.6 Long Blades
 - Level 3.0 Dodging
 - Level 3.0 Spellcasting
 + Level 0.7 Ice Magic


You had 7 spell levels left.
You knew the following spells:

 Your Spells              Type           Power        Failure   Level  Hunger
a - Freeze                Ice            #.....       17%         1    N/A

Your spell library contained the following spells:

 Spells                   Type           Power        Failure   Level  Hunger
 Iskenderun's Battlesphe  Conj/Chrm      #.......     99%         5    N/A

Dungeon Overview and Level Annotations

Branches:
Dungeon (2/12)

Altars:
Elyvilon


Innate Abilities, Weirdness & Mutations

You do not eat or drink.
You are immune to poison.
Your flesh is cold resistant. (rC+)
Your body sometimes deteriorates upon taking damage.
You are immune to negative energy. (rN+++)
You are immune to unholy pain and torment.
You can survive without breathing.
When hurt, damage is shared between your health and your magic reserves.
Your movements are slightly less encumbered by armour. (ER -2)
Casting spells heals you.


Message History

You hit the orc but do no damage.
The orc is heavily wounded.
The orc hits you with a +0 flail.
The gnoll shouts!
You hit the orc but do no damage.
The orc is heavily wounded.
The orc hits you with a +0 flail!
You barely miss the orc.
The orc is heavily wounded.
The orc hits you with a +0 flail.
* * * LOW HITPOINT WARNING * * *
Casting: Freeze (safe; 17% risk of failure)
Confirm with . or Enter, or press ? or * to list all spells.
Aiming: Freeze (safe; 17% risk of failure)
Press: ? - help, Shift-Dir - straight line, f - orc
Aim: an orc, wielding a +0 flail and wearing a +0 ring mail (heavily wounded)
You freeze the orc.
The orc is severely wounded.
The orc hits you with a +0 flail.
You die... ####### #####.....### #.g..gg.gggg.

#g# #.# #g# #..
#o# #######.#
#@# ....[##.#
#.# .###.##.#
#.# .# #.##.#
#.# .# #.##.#
#.# .# #.##.#
#†# ##
#.##.########!#
#.............#
####.##########


You could see 3 gnolls, an orc and a hobgoblin.

Vanquished Creatures
  A gnoll (D:2)
  An ooze (D:2)
  2 worms (D:2)
  A dart slug (D:1)
  3 giant cockroaches (D:1)
  2 goblins (D:2)
  10 hobgoblins
  A kobold (D:1)
  2 ball pythons
  5 bats
  5 frilled lizards
  2 rats (D:1)
35 creatures vanquished.

Notes
Turn   | Place    | Note
-------+----------+-------------------------------------------
     0 | D:1      | Engwar the Skeleton Reaver began the quest for the Orb.
     0 | D:1      | Reached XP level 1. HP: 14/14 MP: 4/4
    76 | D:1      | Reached skill level 4 in Long Blades
    88 | D:1      | Reached XP level 2. HP: 11/19 MP: 6/6
   701 | D:2      | Reached skill level 5 in Long Blades
   718 | D:2      | Reached XP level 3. HP: 17/23 MP: 5/7
   732 | D:2      | Found a white marble altar of Elyvilon.
   794 | D:2      | Reached * piety under Vehumet
   794 | D:2      | Offered knowledge of Freeze by Vehumet.
   797 | D:2      | Learned a level 1 spell: Freeze
  1154 | D:2      | Slain by an orc

Skill      XL: |  1  2 |
---------------+-------+-----
Long Blades    | 4 5 |  5.6
Fighting       | |  3.0
Dodging        | |  3.0
Spellcasting   | |  3.0
Ice Magic      | |  0.7

Action                   || total
-------------------------++-------
Melee: Long sword        ||   149
 Cast: Freeze            ||     1
Armor: Steam dragon scal ||    47
Dodge: Dodged            ||    87
